 Dungeon Crawl Stone Soup version 0.29-a0-323-g050149af67 (webtiles) character file.

Game seed: 10385124767266542515

32159 rageheart7 the Tortoise (level 14, 0/113 HPs)
             Began as a Formicid Abyssal Knight on Apr 10, 2022.
             Was a High Priest of Lugonu.
             Killed by an exploding ice dragon (8 damage)
             ... ignited by their inner flame
             ... on level 5 of the Lair of Beasts.
             The game lasted 00:36:38 (20304 turns).

rageheart7 the Tortoise (Formicid Abyssal Knight)  Turns: 20304, Time: 00:36:39

Health: 0/113      AC: 24    Str: 22    XL:     14   Next: 1%
Magic:  20/20      EV:  6    Int: 11    God:    Lugonu [*****.]
Gold:   1091       SH: 14    Dex:  9    Spells: 13/13 levels left

rFire   + + +      SeeInvis +   s - +7 great mace "Firestarter" {inner flame, rF++}
rCold   x . .      Faith    .   f - +0 tower shield
rNeg    + . .      Spirit   .   r - +1 plate armour
rPois   +          Reflect  .   (helmet unavailable)
rElec   .          Harm     .   G - scarf {repulsion}
rCorr   .          Rampage  .   e - +2 pair of gloves
Will    +++..                   i - +0 pair of boots
Stlth   ..........              (no amulet)
HPRegen 0.28/turn               E - ring of poison resistance
MPRegen 0.17/turn               b - ring of Doubts {Fire rPois rN+ Will++ Dex-2}

@: invisible, repel missiles
A: permanent stasis, dig shafts and tunnels, antennae 3, four strong arms
a: Dig, Shaft Self, Renounce Religion, Depart the Abyss, Bend Space, Banish,
Corrupt, Enter the Abyss


You were on level 5 of the Lair of Beasts.
You worshipped Lugonu.
Lugonu was extremely pleased with you.
You visited 2 branches of the dungeon, and saw 16 of its levels.
You visited the Abyss 1 time.
You also visited: Gauntlet.

You collected 1091 gold pieces.

Inventory:

Hand Weapons
 s - the +7 great mace "Firestarter" (weapon) {inner flame, rF++}
   (You found it on level 3 of the Dungeon)

   It burns those it strikes, dealing additional fire damage.
   It fills those it strikes with an explosive inner flame.
   It grants immunity to clouds of flame.
   rF:        It greatly protects you from fire.
 C - a +5 battleaxe of freezing
Missiles
 h - 2 throwing nets
 n - 3 silver boomerangs
 D - 5 atropa-tipped darts
 H - a curare-tipped dart
 I - 25 poisoned darts
 J - 6 boomerangs (quivered)
 Q - 2 javelins
Armour
 e - a +2 pair of gloves (worn)
 f - a +0 tower shield (worn)
 i - a +0 pair of boots (worn)
 q - the +1 chain mail "Suenid" {*Corrode Will+ Slay+5 Stlth+}
   (You found it on level 4 of the Dungeon)

   Slay:      It affects your accuracy & damage with ranged weapons and melee
   (+5).
   *Corrode:  It may corrode you when you take damage.
   Will:      It increases your willpower.
   Stlth:     It makes you more stealthy.
 r - a +1 plate armour (worn)
 G - a scarf of repulsion (worn)
Jewellery
 b - the ring of Doubts (right hand) {Fire rPois rN+ Will++ Dex-2}
   (You acquired it on level 3 of the Dungeon)

   [ring of fire]

   It enhances your fire magic.
   Dex:       It affects your dexterity (-2).
   rF:        It protects you from fire.
   rC:        It makes you vulnerable to cold.
   rPois:     It protects you from poison.
   rN:        It protects you from negative energy.
   Will:      It greatly increases your willpower.
 d - a ring of protection from fire
 E - a ring of poison resistance (left hand)
 M - a ring of willpower
 P - a ring of magical power
Wands
 a - a wand of digging (22)
 t - a wand of flame (4)
 y - a wand of mindburst (22)
 z - a wand of iceblast (8)
 A - a wand of polymorph (3)
 B - a wand of acid (13)
 N - a wand of paralysis (6)
Scrolls
 c - 2 scrolls of fear
 g - a scroll of enchant weapon
 j - 2 scrolls of amnesia
 k - 3 scrolls of torment
 m - 2 scrolls of immolation
 p - 2 scrolls of enchant armour
 x - 2 scrolls of summoning
 F - 6 scrolls of identify
 K - a scroll of vulnerability
 O - a scroll of fog
Potions
 l - 7 potions of brilliance
 o - a potion of invisibility
 u - a potion of magic
 v - 3 potions of mutation
 w - a potion of attraction
 L - 2 potions of curing


   Skills:
 + Level 11.0 Fighting
 - Level 4.0(8.5) Axes
 - Level 11.6(12.0) Maces & Flails
 - Level 18.0 Armour
 - Level 0.8 Dodging
 * Level 9.4 Shields
 - Level 8.0 Invocations


You had 13 spell levels left.
You didn't know any spells.
Your spell library contained the following spells:

 Spells                   Type           Power      Damage    Failure   Level
 Animate Skeleton         Necr           0%         N/A       100%        1
 Apportation              Tloc           0%         N/A       100%        1
 Freeze                   Ice            0%         1d3       100%        1
 Pain                     Necr           0%         1d4       100%        1
 Shock                    Conj/Air       0%         1d3       100%        1
 Slow                     Hex            0%         N/A       100%        1
 Summon Small Mammal      Summ           0%         N/A       100%        1
 Sublimation of Blood     Necr           0%         N/A       100%        2
 Wereblood                Tmut           0%         N/A       100%        2
 Confusing Touch          Hex            0%         N/A       100%        3
 Frozen Ramparts          Ice            0%         1d2       100%        3
 Gell's Gravitas          Tloc           0%         N/A       100%        3
 Lesser Beckoning         Tloc           0%         N/A       100%        3
 Summon Guardian Golem    Hex/Summ       0%         N/A       100%        3
 Teleport Other           Tloc           0%         N/A       100%        3
 Vampiric Draining        Necr           0%         2d6       100%        3
 Airstrike                Air            0%         N/A       100%        4
 Fulminant Prism          Conj/Hex       0%         3d6       100%        4
 Hailstorm                Conj/Ice       0%         3d3       100%        4
 Ice Form                 Ice/Tmut       0%         N/A       100%        4
 Iskenderun's Mystic Bla  Conj/Tloc      0%         2d3       100%        4
 Passage of Golubria      Tloc           0%         N/A       100%        4
 Summon Ice Beast         Ice/Summ       0%         N/A       100%        4
 Lee's Rapid Deconstruct  Erth           0%         3d5*      100%        5
 Manifold Assault         Tloc           0%         N/A       100%        5
 Silence                  Hex/Air        0%         N/A       100%        5
 Orb of Destruction       Conj           0%         9d5       100%        7
 Spellforged Servitor     Conj/Summ      0%         N/A       100%        7
 Storm Form               Tmut/Air       0%         N/A       100%        7
 Summon Hydra             Summ           0%         N/A       100%        7
 Lehudib's Crystal Spear  Conj/Erth      0%         10d2      100%        8
 Blink                    Tloc           Unusable   N/A       N/A         2
 Swiftness                Air            Unusable   N/A       N/A         3

Dungeon Overview and Level Annotations

Branches:
Dungeon (11/15)            Temple (0/1) D:7            Lair (5/6) D:10
  Swamp (0/4) Lair:4        Snake (0/4) Lair:2      Gauntlet (visited)
  Slime: Lair:5-6       Orc: D:9-12

Altars:
Dithmenos
Trog
Xom

Shops:
D:1 ?   D:9 *

Annotations:
Lair:5 Dowoeg's ghost, journeyman DjWn


Innate Abilities, Weirdness & Mutations

You cannot be hasted, slowed, berserked, paralysed or teleported.
You can dig through walls and to a lower floor.
You have a pair of large antennae on your head. (SInv)
Your four strong arms can wield two-handed weapons with a shield.


Message History

The rime drake is engulfed in blazing flames.
The rime drake breathes ice at you. The flash freeze misses you.
The eight-headed hydra simulacrum is engulfed in blazing flames.
The rime drake is engulfed in blazing flames.
The rime drake bites you but does no damage.
You catch the helpless ice dragon completely off-guard!
You sock the ice dragon! You burn the ice dragon!
The ice dragon is filled with an inner flame.
The ice dragon is moderately wounded.
The ice dragon is engulfed in blazing flames.
Flame seeps out of the ice dragon.
You block the ice dragon's attack.
The ice dragon claws you but does no damage.
The ice dragon tramples you.
You hold your ground!
The rime drake is engulfed in blazing flames.
The rime drake bites you but does no damage.
The ice dragon is engulfed in blazing flames.
Flame seeps out of the ice dragon.
The ice dragon bites you but does no damage.
You block the ice dragon's attack.
The ice dragon tramples you but does no damage.
You barely miss the ice dragon.
The ice dragon is heavily wounded.
The rime drake is engulfed in blazing flames.
You kill the rime drake!
Lugonu accepts your kill.
The ice dragon is engulfed in blazing flames.
Flame seeps out of the ice dragon.
The ice dragon breathes frost at you. The blast of cold hits you!!!!
You feel a terrible chill!
Ouch! That really hurt!
* * * LOW HITPOINT WARNING * * *
You have reached level 14!
You sock the ice dragon!
Flame seeps out of the ice dragon.
You burn the ice dragon! Lugonu accepts your kill.
The ice dragon scales are intact enough to wear.
The ice dragon explodes!
The fiery explosion engulfs you! You resist.
You die...

#....PP...#P....P.............
#.....................###.....
##................##### ##....
#P........##....###..... #....
#....#....##...##........##...
##...#....#P..##....###Z..#...
#...##.......#....##{....#...
#...#..#.#...#....#...W{##...
#.....##....@'†..##[..{Z#....
#...........°§○..#{.=..{#....
#...........§§§..#!...#.##...
##............#Z..##.Z #..#...
#......>......#....# #..#...
##....PP......##....###...#...
#.....PP#..#..###.....{.##...
#..P..###P..P...###..{###....
##...........P.....#####......


You could see an eight-headed hydra simulacrum (wandering, can't see you).

Vanquished Creatures
  An ice dragon (Lair:5)
  4 hydras
  A death knight (D:11)
  A centaur warrior (D:11)
  6 death yaks
  Pikel (D:5)
  A manticore (D:11)
  9 elephants
  4 black mambas
  Maggie (D:8)
  4 cane toads
  4 rime drakes
  A kobold demonologist (D:11)
  4 komodo dragons
  A troll (D:6)
  A tyrant leech (Lair:4)
  11 blink frogs
  16 yaks
  A wyvern (D:9)
  A wraith (D:11)
  Eustachio (D:6)
  2 basilisks
  A steam dragon (D:8)
  3 vampire mosquitoes (D:8)
  An acid dragon (D:10)
  4 nagas (Lair:2)
  2 hydra simulacra (Lair:5)
  11 water moccasins
  6 orc warriors
  3 black bears
  A sky beast (D:8)
  4 ogres
  15 wolves
  8 centaurs
  A phantom (D:6)
  Blork the orc (D:6)
  5 kobold brigands
  11 bullfrogs
  A necrophage (D:6)
  3 gnoll sergeants
  2 scorpions
  10 wights
  19 killer bees
  2 electric eels (Lair:3)
  8 howler monkeys
  5 hounds
  A jelly (D:3)
  6 orc priests
  A komodo dragon simulacrum (Lair:5)
  3 iguanas
  5 orc wizards
  A polar bear simulacrum (Lair:5)
  7 gnolls
  6 adders
  3 shadow imps
  A white imp (D:8)
  An ufetubus (D:6)
  A worm (D:4)
  3 dart slugs
  33 orcs
  4 bats
  8 endoplasms
  3 giant cockroaches (D:1)
  7 hobgoblins
  6 jackals
  20 kobolds
  6 quokkas
  6 ball pythons
  A frilled lizard (D:3)
  6 goblins
  4 rats
346 creatures vanquished.

Vanquished Creatures (others)
  16 fungi
  22 plants
38 creatures vanquished.

Grand Total: 384 creatures vanquished

Notes
Turn   | Place    | Note
-------+----------+-------------------------------------------
     0 | Abyss:1  | rageheart7 the Formicid Abyssal Knight began the quest for
                  | the Orb.
     0 | Abyss:1  | Reached XP level 1. HP: 18/18 MP: 2/2
    15 | Abyss:1  | Found a corrupted altar of Lugonu.
   108 | Abyss:1  | Noticed a tormentor
   109 | D:1      | Escaped the Abyss
   145 | D:1      | Reached XP level 2. HP: 3/24 MP: 3/3
   981 | D:1      | Reached XP level 3. HP: 28/30 MP: 4/4
  1261 | D:1      | Found Mumae's Magic Scroll Emporium.
  1695 | D:2      | Reached XP level 4. HP: 11/37 MP: 5/5
  2198 | D:2      | Found a faded altar of an unknown god.
  2677 | D:2      | Found a shimmering altar of Xom.
  3134 | D:3      | Reached XP level 5. HP: 23/43 MP: 6/6
  3277 | D:3      | Found the +7 great mace "Firestarter" {inner flame, rF++}
  3350 | D:3      | Identified a scroll of acquirement
  3350 | D:3      | Acquired the ring of Doubts {Fire rPois rN+ Will++ Dex-2}
  3885 | D:4      | Reached skill level 1 in Maces & Flails
  4099 | D:4      | Reached *** piety under Lugonu
  4100 | D:4      | Reached XP level 6. HP: 50/50 MP: 7/7
  4140 | D:4      | Reached skill level 5 in Fighting
  4305 | D:4      | Identified the +1 chain mail "Suenid" {*Corrode Will+
                  | Slay+5 Stlth+}
  4580 | D:5      | Entered Level 5 of the Dungeon
  4591 | D:5      | Noticed Pikel
  4595 | D:5      | Noticed a black bear
  4604 | D:5      | Killed Pikel
  4605 | D:5      | Reached skill level 5 in Maces & Flails
  4605 | D:5      | Reached skill level 3 in Armour
  4605 | D:5      | Reached XP level 7. HP: 21/57 MP: 8/8
  4605 | D:5      | Reached XP level 8. HP: 23/64 MP: 9/9
  5445 | D:6      | Noticed Eustachio
  5452 | D:6      | Killed Eustachio
  5453 | D:6      | Reached XP level 9. HP: 56/70 MP: 10/10
  5591 | D:6      | Reached skill level 4 in Armour
  5674 | D:6      | Noticed Blork the orc
  5691 | D:6      | Killed Blork the orc
  7157 | D:7      | Found a staircase to the Ecumenical Temple.
  7383 | D:7      | Reached **** piety under Lugonu
  7384 | D:7      | Reached skill level 5 in Armour
  7494 | D:7      | Noticed a four-headed hydra
  7508 | D:7      | Killed a four-headed hydra
  7509 | D:7      | Reached skill level 10 in Maces & Flails
  7509 | D:7      | Reached XP level 10. HP: 13/80 MP: 10/13
  8104 | D:7      | Acquired a manual of Armour
  8247 | D:8      | Reached skill level 6 in Armour
  8654 | D:8      | Reached skill level 5 in Invocations
  8804 | D:8      | Noticed Maggie
  8811 | D:8      | Killed Maggie
  8812 | D:8      | Reached skill level 7 in Armour
  8964 | D:8      | Reached ***** piety under Lugonu
  8975 | D:8      | Reached skill level 8 in Armour
  9346 | D:8      | Reached XP level 11. HP: 83/87 MP: 15/15
  9863 | D:9      | Reached skill level 9 in Armour
  9966 | D:9      | Reached skill level 10 in Armour
  9987 | D:9      | Found a shadowy altar of Dithmenos.
 10508 | D:9      | Found Jade's Assorted Antiques.
 11122 | D:10     | Entered Level 10 of the Dungeon
 11677 | D:10     | Reached skill level 11 in Armour
 11871 | D:10     | Found a staircase to the Lair.
 12236 | D:11     | Noticed a manticore
 12239 | D:11     | Noticed a death knight
 12240 | D:11     | Killed a manticore
 12246 | D:11     | Killed a death knight
 12467 | D:11     | Reached skill level 12 in Armour
 12607 | D:11     | Noticed a centaur warrior
 12622 | D:11     | Killed a centaur warrior
 12798 | D:11     | Reached XP level 12. HP: 91/97 MP: 17/17
 12845 | Lair:1   | Entered Level 1 of the Lair of Beasts
 12863 | Lair:1   | Noticed a seven-headed hydra
 13236 | D:6      | Reached skill level 13 in Armour
 13418 | Lair:1   | Killed a seven-headed hydra
 13419 | Lair:1   | Reached skill level 10 in Fighting
 13419 | Lair:1   | Reached skill level 1 in Shields
 13742 | Lair:1   | Reached skill level 14 in Armour
 14692 | Lair:2   | Reached skill level 15 in Armour
 14831 | Lair:2   | Found a bloodstained altar of Trog.
 14872 | Lair:2   | Found a staircase to the Snake Pit.
 14913 | Lair:2   | Noticed a six-headed hydra
 15066 | Lair:2   | Noticed an eight-headed hydra
 15402 | Lair:1   | Banished an eight-headed hydra
 15403 | Lair:1   | Reached skill level 5 in Shields
 15679 | Lair:2   | Reached skill level 16 in Armour
 15982 | Lair:2   | Reached XP level 13. HP: 77/103 MP: 19/19
 15989 | Lair:2   | Banished a six-headed hydra
 16341 | Lair:2   | Reached skill level 17 in Armour
 18104 | Lair:4   | Noticed a six-headed hydra
 18123 | Lair:4   | Killed a six-headed hydra
 18501 | Lair:4   | Found a bloodstained altar of Trog.
 18535 | Lair:4   | Noticed an eight-headed hydra
 18542 | Lair:4   | Killed an eight-headed hydra
 18867 | Lair:4   | Found a staircase to the Swamp.
 19098 | Lair:5   | Noticed Dowoeg's ghost (journeyman DjWn)
 19099 | Lair:5   | Noticed an ice dragon
 19228 | Lair:5   | Found a gate leading to a gauntlet.
 19236 | Gauntlet | Entered a Gauntlet
 19236 | Gauntlet | Found a transporter.
 19354 | Gauntlet | Found a transporter.
 19357 | Gauntlet | Found a transporter.
 19358 | Gauntlet | Found a transporter.
 19366 | Gauntlet | Found a transporter.
 19369 | Gauntlet | Found a transporter.
 19370 | Gauntlet | Found a transporter.
 19382 | Gauntlet | Found a transporter.
 19383 | Gauntlet | Found a transporter.
 19383 | Gauntlet | Found a transporter.
 19391 | Gauntlet | Found a transporter.
 19394 | Gauntlet | Found a transporter.
 19395 | Gauntlet | Found a transporter.
 19404 | Gauntlet | Found a transporter.
 19740 | Lair:5   | Reached skill level 18 in Armour
 19961 | Lair:5   | Found a runed translucent gate.
 19967 | Lair:5   | Found a runed translucent gate.
 19968 | Lair:5   | Found a runed translucent gate.
 20304 | Lair:5   | Reached XP level 14. HP: 8/113 MP: 20/20
 20304 | Lair:5   | Killed by an exploding ice dragon... ignited by their inner
                  | flame

Illustrated notes

Levels and vault maps discovered:
D:1:      dpeg_arrival_arbitrary_a, layout_loops_ring, serial_shops,
          nicolae_square_shop
D:2:      layout_loops_cross, basic_altar, ebering_ecumenical_altar_webs
D:3:      minmay_general_purpose_star, layout_basic, kennysheep_generic_room_13
D:4:      layout_cave_pools
D:5:      layout_loops_ring, uniq_pikel
D:6:      layout_loops_ring, uniq_blork_the_orc, uniq_eustachio
D:7:      layout_loops_cross, minmay_temple_entry_arrows
D:8:      minmay_four_partial_circles, layout_basic, glass_columns_a,
          uniq_maggie
D:9:      layout_basic, old_standard_altar, serial_shops, kennysheep_mini_moat,
          amcnicky_mini_pool_small, minmay_tree_intersection
D:10:     layout_loops_ring, lair_entry_dummy
D:11:     layout_roguey, orc_0_dummy, minmay_checkerbox
Lair:1:   layout_cave_shapes, grunt_megastairs_3
Lair:2:   layout_roguey, minmay_snake_entry_guardpost_small, basic_altar,
          nicolae_lair_lil_pond, grunt_megastairs_5
Lair:3:   layout_gridlike, lemuel_old_faithful, serial_bayou_shore_a
Lair:4:   layout_roguey, minmay_swamp_entry_worms, basic_altar
Lair:5:   layout_regular_city, gammafunk_ghost_icy, gauntlet_entry_generic

Skill      XL: |  1  2  3  4  5  6  7  8  9 10 11 12 13 |
---------------+----------------------------------------+-----
Fighting       | 4 5 6 7 8 9 10 11 | 11.0
Axes           | 3 4 |  4.0
Maces & Flails | 1 5 7 10 11 | 11.6
Armour         | 3 5 8 12 16 18 | 18.0
Invocations    | 4 5 7 8 |  8.0
Shields        | 6 9 |  9.4
Dodging        | |  0.8

Action                   |  1- 3 |  4- 6 |  7- 9 | 10-12 | 13-15 || total
-------------------------+-------+-------+-------+-------+-------++-------
Melee: Hand axe          |    99 |    26 |       |       |       ||   125
       Punch             |     1 |       |       |     1 |       ||     2
       Mace              |       |    32 |       |       |       ||    32
       Great mace        |       |    45 |   120 |   297 |   121 ||   583
Throw: Boomerang         |       |       |       |     1 |       ||     1
Invok: Depart the Abyss  |     1 |       |       |       |       ||     1
       Bend Space        |       |       |     1 |     3 |       ||     4
       Banish            |       |       |       |     4 |     1 ||     5
 Abil: Dig               |       |       |     1 |       |       ||     1
Evoke: Wand              |       |       |       |       |     4 ||     4
  Use: Scroll            |     4 |    11 |     1 |     9 |       ||    25
       Potion            |       |     3 |     3 |    10 |     3 ||    19
 Stab: Invisible         |       |       |       |       |     2 ||     2
Armor: Leather armour    |    38 |     5 |       |       |       ||    43
       Ring mail         |       |    14 |       |       |       ||    14
       Plate armour      |       |    26 |   106 |   330 |   110 ||   572
Dodge: Dodged            |    61 |    46 |    37 |   157 |    29 ||   330
       Repelled          |       |       |       |     1 |       ||     1
Block: Tower shield      |       |       |       |    95 |   118 ||   213

Table legend: (Time is in decaauts)
 A = Elapsed time spent in this place.
 B = Non-inter-level travel time spent in this place.
 C = Inter-level travel time spent in this place.
 D = Time resting spent in this place.
 E = Time spent auto-exploring this place.
 F = Levels seen in this place.
 G = Mean time per level.
                   A        B        C        D        E       F      G
               +--------+--------+--------+--------+--------+-----+--------+
         Total |  20510 |  19618 |    892 |   4737 |  11852 |  18 | 1139.4 |
       Dungeon |  14253 |  13452 |    801 |   3886 |   7540 |  11 | 1295.7 |
          Lair |   5799 |   5708 |     91 |    742 |   4100 |   5 | 1159.8 |
         Abyss |    109 |    109 |      0 |      0 |    105 |   1 |  109.0 |
      Gauntlet |    348 |    348 |      0 |    109 |    107 |   1 |  348.0 |
               +--------+--------+--------+--------+--------+-----+--------+

Top non-repeatable levels by time:
    D:10: 2008 daAuts
     D:8: 1733 daAuts
  Lair:2: 1679 daAuts
     D:1: 1576 daAuts
     D:6: 1544 daAuts
     D:7: 1472 daAuts
     D:9: 1405 daAuts
  Lair:4: 1210 daAuts
     D:2: 1191 daAuts
     D:3: 1025 daAuts
  Lair:1: 1023 daAuts
  Lair:3: 1003 daAuts
     D:5: 883 daAuts
  Lair:5: 882 daAuts
     D:4: 801 daAuts
